 Dungeon Crawl Stone Soup version 0.23-a0-767-gdc19b93d68 (webtiles) character file.

324 Esekla the Stinger (level 6, -1/41 HPs)
             Began as an Octopode Wanderer on Jan 23, 2019.
             Was an Initiate of Makhleb.
             Slain by an iguana (10 damage)
             ... on level 4 of the Dungeon.
             The game lasted 00:39:06 (2714 turns).

Esekla the Stinger (Octopode Wanderer)              Turns: 2714, Time: 00:39:07

Health: -1/41      AC:  1    Str: 11    XL:     6   Next: 48%
Magic:  10/10      EV: 13    Int: 17    God:    Makhleb [......]
Gold:   189        SH:  0    Dex: 11    Spells: 4/11 levels left

rFire    + . .     SeeInvis +   o - +2 dagger (venom)
rCold    x . .     Gourm    .   (no shield)
rNeg     . . .     Faith    .   (helmet restricted)
rPois    +         Spirit   .   (no amulet)
rElec    .         Reflect  .   a - ring of poison resistance
rCorr    .         Harm     .   e - ring of see invisible
MR       .....                  l - ring of fire
Stlth    ++++......             q - ring of stealth
HPRegen  0.13/turn              u - ring of poison resistance
MPRegen  0.12/turn              (no ring)
                                (no ring)
                                (no ring)

@: no status effects
A: almost no armour, stealthy swim, amphibious, 8 rings, constrict 8, camouflage
1, gelatinous body 1
a: Renounce Religion


You were on level 4 of the Dungeon.
You worshipped Makhleb.
Makhleb was noncommittal.
You were not hungry.

You visited 1 branch of the dungeon, and saw 4 of its levels.

You collected 189 gold pieces.

Inventory:

Hand Weapons
 h - a +0 vampiric dagger
 o - a +2 dagger of venom (weapon)
 y - a +2 spear of venom
Missiles
 r - 5 tomahawks of dispersal
 t - 2 tomahawks (quivered)
Armour
 m - a +0 buckler
Jewellery
 a - a ring of poison resistance (left tentacle)
 e - a ring of see invisible (right tentacle)
 l - a ring of fire (on tentacle)
 q - a ring of stealth (on tentacle)
 u - a ring of poison resistance (on tentacle)
Scrolls
 c - a scroll of enchant weapon {unknown}
 f - 2 scrolls of identify {unknown}
 k - a scroll of magic mapping {unknown}
 n - a scroll of blinking {unknown}
 p - 2 scrolls of remove curse {unknown}
 v - a scroll of enchant armour {unknown}
 w - a scroll of teleportation {unknown}
Potions
 b - a potion of might {unknown}
 g - a potion of magic {unknown}
 i - 2 potions of agility
 j - a potion of berserk rage {unknown}
 s - a potion of mutation {unknown}
 x - a potion of lignification {unknown}
Comestibles
 d - 3 rations


   Skills:
 + Level 2.9 Fighting
 * Level 2.8 Short Blades
   Level 1.0 Axes
 - Level 2.0 Throwing
 + Level 2.3 Dodging
 - Level 2.0 Stealth
 + Level 3.0 Spellcasting
 * Level 2.0 Conjurations
 * Level 0.5 Translocations
 * Level 1.4 Air Magic
 - Level 3.6 Poison Magic


You had 4 spell levels left.
You knew the following spells:

 Your Spells              Type           Power        Failure   Level  Hunger
a - Sting                 Conj/Pois      ##..         5%          1    None
b - Blink                 Tloc           N/A          22%         2    ##.....
c - Mephitic Cloud        Conj/Pois/Air  ##......     21%         3    ###....
d - Magic Dart            Conj           #...         8%          1    None

Your spell library contained the following spells:

 Spells                   Type           Power        Failure   Level  Hunger
 Call Imp                 Summ           #.......     26%         2    ##.....
 Slow                     Hex            #.......     26%         2    ##.....
 Conjure Flame            Conj/Fire      #.......     34%         3    ###....


Dungeon Overview and Level Annotations

Branches:
Dungeon (4/15)
 Temple: D:4-7

Altars:
Makhleb
Okawaru
Yredelemnul

Annotations:
D:3 Ijyb


Innate Abilities, Weirdness & Mutations

You cannot wear most types of armour.
You are very stealthy in the water. (Stealth+)
You are amphibious.
You can wear up to eight rings at the same time.
You can use your tentacles to constrict eight enemies at once.
Your skin changes colour to match your surroundings (Stealth+).
Your rubbery body absorbs attacks. (AC +1, EV +1)


Message History

You closely miss the goblin. You grab the goblin. You constrict the goblin.
You hit the goblin.
You kill the goblin!
There is a burning altar of Makhleb here.
You curl up in front of the altar of Makhleb.
Makhleb welcomes you!
There is an open door here.
Found a pair of gloves.
An iguana comes into view.
The iguana hisses angrily.
Found 15 gold pieces.
The iguana bites you! The iguana bites you!
* * * LOW HITPOINT WARNING * * *
Found a golden potion.
You hit the iguana.
The iguana is poisoned.
You grab the iguana.
The iguana is lightly wounded.
You constrict the iguana, but do no damage.
The iguana bites you!
You die...

#.!....#
#......#
#......#
#......#
#......# ####
#......# ...#
#$.....#
##...####
#..@l..#
#........
###.####
#........ #.#
#........ #.#
##........ #.#
##.........
#.####...####[..
#......#### .
####..###8#
#..##≈≈_#


You could see an iguana.

Vanquished Creatures
  3 orc priests
  An orc wizard (D:2)
  A worker ant (D:2)
  Robin (D:4)
  5 adders
  An ooze (D:2)
  5 worms
  3 dart slugs
  11 orcs
  3 giant cockroaches
  12 goblins
  14 hobgoblins
  3 jackals (D:1)
  14 kobolds
  2 quokkas
  A ball python skeleton (D:4)
  11 bats
  4 frilled lizards
  6 rats
101 creatures vanquished.

Notes
Turn   | Place    | Note
-------+----------+-------------------------------------------
     0 | D:1      | Esekla the Octopode Wanderer began the quest for the Orb.
     0 | D:1      | Esekla set off with the following items: a +0 hand axe, a
                  | ration; and the following spells available to memorise:
                  | Sting, Magic Dart, Blink, Call Imp, Slow, Mephitic Cloud,
                  | Conjure Flame
     0 | D:1      | Reached XP level 1. HP: 14/14 MP: 3/3
    10 | D:1      | Learned a level 1 spell: Magic Dart
    12 | D:1      | Learned a level 1 spell: Sting
    87 | D:1      | Reached XP level 2. HP: 8/19 MP: 1/5
   409 | D:1      | Reached skill level 1 in Dodging
   409 | D:1      | Reached XP level 3. HP: 17/25 MP: 0/6
   423 | D:1      | Learned a level 2 spell: Blink
   559 | D:1      | Reached skill level 1 in Conjurations
   770 | D:2      | Reached XP level 4. HP: 27/30 MP: 6/8
   775 | D:2      | Learned a level 3 spell: Mephitic Cloud
  1009 | D:2      | Reached skill level 1 in Short Blades
  1087 | D:2      | Reached skill level 1 in Stealth
  1087 | D:2      | Reached XP level 5. HP: 30/35 MP: 7/9
  1241 | D:3      | Noticed Ijyb
  1643 | D:2      | Found a faded altar of an unknown god.
  1845 | D:2      | Reached skill level 1 in Air Magic
  1845 | D:2      | Reached XP level 6. HP: 4/41 MP: 10/10
  2606 | D:4      | Noticed Robin
  2620 | D:4      | Killed Robin
  2677 | D:4      | Found a burning altar of Makhleb.
  2677 | D:4      | Found a basalt altar of Yredelemnul.
  2678 | D:4      | Found an iron altar of Okawaru.
  2687 | D:4      | Became a worshipper of Makhleb the Destroyer
  2714 | D:4      | Slain by an iguana

Vault maps used:
D:1:      minmay_arrival_glassed_features, kennysheep_another_room,
          minmay_heptomino_h4
D:2:      minmay_diamond_boxcup, chequers_ecumenical_altar_grove,
          grunt_ministairs_10, kennysheep_generic_room_8
D:3:      first_ration, minmay_starry_boxes, uniq_ijyb
D:4:      gammafunk_temple_overflow_claw, uniq_robin

Skill      XL: |  1  2  3  4  5  6 |
---------------+-------------------+-----
Dodging        | 1 2 |  2.3
Conjurations   | 1 2 |  2.0
Short Blades   | 1 2 |  2.8
Stealth        | 1 2 |  2.0
Air Magic      | 1 |  1.4
Spellcasting   | 3 |  3.0
Fighting       | |  2.9
Axes           | |  1.0
Throwing       | |  2.0
Translocations | |  0.5
Poison Magic   | |  3.6

Action                   |  1- 3 |  4- 6 || total
-------------------------+-------+-------++-------
Melee: Hand axe          |    25 |       ||    25
       Constrict         |    23 |    42 ||    65
       Tentacles         |    12 |    24 ||    36
       Dagger            |    66 |   148 ||   214
 Cast: Magic Dart        |    19 |    24 ||    43
       Sting             |     1 |     3 ||     4
       Mephitic Cloud    |       |     2 ||     2
  Use: Potion            |       |     4 ||     4
 Stab: Sleeping          |     1 |    11 ||    12
       Confused          |       |     1 ||     1
  Eat: Ration            |     2 |     2 ||     4
Armor: Skin              |    16 |     6 ||    22
Dodge: Dodged            |    63 |    73 ||   136

Table legend:
 A = Non-vault XP
 B = Vault XP
 C = Vault XP percentage of total XP
 D = Non-vault monster count
 E = Vault monster count
 F = Vault count percentage of total count
                 A         B        C        D         E       F
            +---------+---------+-------+---------+---------+-------
      Total |     383 |      80 |  17.3 |      69 |      32 |  31.7
            +---------+---------+-------+---------+---------+-------
        D:1 |      56 |       8 |  12.5 |      25 |       6 |  19.4
        D:2 |     191 |      20 |   9.5 |      24 |      11 |  31.4
        D:3 |      50 |      14 |  21.9 |      15 |       2 |  11.8
        D:4 |      86 |      38 |  30.6 |       5 |      13 |  72.2
            +---------+---------+-------+---------+---------+-------
